 Dungeon Crawl Stone Soup version 0.28-a0-1447-ga5a8893891 (webtiles) character file.

Game seed: 12521984349676494078

281 derath95 the Digger (level 6, -3/45 HPs)
             Began as a Draconian Earth Elementalist on Jan 10, 2022.
             Slain by Menkaure (12 damage)
             ... on level 4 of the Dungeon.
             The game lasted 00:11:26 (3053 turns).

derath95 the Digger (Draconian Earth Elementalist)  Turns: 3053, Time: 00:11:27

Health: -3/45      AC:  6    Str: 10    XL:     6   Next: 6%
Magic:  1/12       EV: 12    Int: 18    God:
Gold:   56         SH:  0    Dex: 11    Spells: 7/13 levels left

rFire   . . .      SeeInvis .   g - +0 short sword
rCold   . . .      Faith    .   (no shield)
rNeg    . . .      Spirit   .   (armour unavailable)
rPois   .          Reflect  .   (helmet restricted)
rElec   .          Harm     .   c - scarf {repulsion}
rCorr   .          Rampage  .   (no gloves)
Will    +....                   (no boots)
Stlth   ++........              d - amulet of regeneration
HPRegen 0.95/turn               h - ring of willpower
MPRegen 0.13/turn               (no ring)

@: repel missiles
A: AC +6, unfitting armour, cold-blooded
a: no special abilities


You were on level 4 of the Dungeon.
You visited 1 branch of the dungeon, and saw 5 of its levels.

You collected 56 gold pieces.

Inventory:

Hand Weapons
 g - a +0 short sword (weapon)
 i - a +0 mace
Missiles
 b - 35 stones
Armour
 c - a scarf of repulsion (worn)
Jewellery
 d - an amulet of regeneration (around neck)
 h - a ring of willpower (left hand)
Wands
 p - a wand of iceblast (3)
Scrolls
 f - 3 scrolls of identify {unknown}
 j - a scroll of noise {unknown}
 l - a scroll of summoning {unknown}
 m - a scroll of enchant weapon {unknown}
 o - a scroll of fog {unknown}
Potions
 a - a potion of resistance {unknown}
 e - 2 potions of curing {unknown}
 k - a potion of magic {unknown}
 n - a potion of degeneration {unknown}


   Skills:
 - Level 1.9 Dodging
 - Level 2.0 Stealth
 + Level 4.2 Spellcasting
 - Level 1.2 Transmutations
 + Level 5.1 Earth Magic


You had 7 spell levels left.
You knew the following spells:

 Your Spells              Type           Power      Damage    Failure   Level
a - Sandblast             Erth           44%        2d11      1%          1
b - Passwall              Tmut/Erth      12%        N/A       6%          2
c - Stone Arrow           Conj/Erth      26%        3d8       16%         3

Your spell library contained the following spells:

 Spells                   Type           Power      Damage    Failure   Level
 Apportation              Tloc           6%         N/A       14%         1
 Slow                     Hex            12%        N/A       14%         1
 Ignite Poison            Fire/Tmut/Pois 5%         N/A       36%         3
 Petrify                  Tmut/Erth      15%        N/A       36%         4
 Confusing Touch          Hex            3%         N/A       41%         3
 Conjure Flame            Conj/Fire      3%         6-21      41%         3
 Vampiric Draining        Necr           3%         2d6       41%         3
 Sticky Flame             Conj/Fire      3%         2d3       82%         4
 Alistair's Intoxication  Tmut/Pois      4%         N/A       97%         5


Dungeon Overview and Level Annotations

Branches:
Dungeon (5/15)
 Temple: D:4-7

Altars:
Cheibriados
Trog

Annotations:
D:4 Edmund, Menkaure


Innate Abilities, Weirdness & Mutations

Your plain brown scales are hard. (AC +6)
You cannot fit into any form of body armour.
You are cold-blooded and may be slowed by cold attacks.


Message History

Aiming: Sandblast (safe; 1% risk of failure)
Press: ? - help, Shift-Dir - straight line, f/p - Edmund
Aim: Edmund, wielding a +0 flail of holy wrath and wearing a +0 chain mail (86% to hit)
The blast of sand hits Edmund.
Edmund is lightly wounded.
Menkaure hits you. Edmund closely misses you.
Your magical contamination has completely faded away.
Casting: Sandblast (safe; 1% risk of failure)
Confirm with . or Enter, or press ? or * to list all spells.
Aiming: Sandblast (safe; 1% risk of failure)
Press: ? - help, Shift-Dir - straight line, f/p - Edmund
Aim: Edmund, wielding a +0 flail of holy wrath and wearing a +0 chain mail (lightly wounded, 86% to hit)
The blast of sand hits Edmund but does no damage.
Edmund is lightly wounded.
Menkaure closely misses you. Edmund closely misses you.
Casting: Sandblast (safe; 1% risk of failure)
Confirm with . or Enter, or press ? or * to list all spells.
Aiming: Sandblast (safe; 1% risk of failure)
Press: ? - help, Shift-Dir - straight line, f/p - Edmund
Aim: Edmund, wielding a +0 flail of holy wrath and wearing a +0 chain mail (lightly wounded, 86% to hit)
The blast of sand hits Edmund but does no damage.
Edmund is lightly wounded.
Edmund hits you with a +0 flail of holy wrath.
Menkaure barely misses you.
You barely miss Edmund.
Edmund is lightly wounded.
Edmund completely misses you.
You barely miss Edmund.
Edmund is lightly wounded.
Menkaure barely misses you. Edmund closely misses you.
You hit Edmund but do no damage.
Edmund is lightly wounded.
Menkaure calls on the powers of darkness!
Your body is wracked with pain!
Edmund convulses!
Edmund hits you with a +0 flail of holy wrath!
* * * LOW HITPOINT WARNING * * *
You hit Edmund but do no damage.
Your tail-slap misses Edmund.
Edmund is heavily wounded.
Menkaure hits you!
You die...

... #.........# #..
#.....(...# #..
..........# #.#
#.........# #.#
..........# #.#
#.........# #M####.#
#.....@...#
.......###......@.[#
#.#....##...####M###
#.#.#............#
#.#.#.O##...###..#
#.#.#..# #.####..#
..#.#..# ...##..#
.##.#..#####.##..##.#
..........##........#
........#.##M##..#..#


You could see Edmund and Menkaure.

Vanquished Creatures
  An ice beast (D:4)
  A centaur skeleton (D:5)
  An orc wizard (D:4)
  A hound skeleton (D:4)
  Robin (D:2)
  3 gnolls (D:2)
  An adder (D:2)
  3 dart slugs
  A worm (D:4)
  4 orcs (D:4)
  2 endoplasms (D:1)
  A giant cockroach (D:1)
  10 goblins
  5 hobgoblins
  5 jackals
  4 kobolds
  2 quokkas
  8 ball pythons
  6 bats
  A frilled lizard (D:1)
  2 rats
63 creatures vanquished.

Vanquished Creatures (others)
  6 plants
6 creatures vanquished.

Grand Total: 69 creatures vanquished

Notes
Turn   | Place    | Note
-------+----------+-------------------------------------------
     0 | D:1      | derath95 the Draconian Earth Elementalist began the quest
                  | for the Orb.
     0 | D:1      | Reached XP level 1. HP: 14/14 MP: 3/3
   425 | D:1      | Reached XP level 2. HP: 20/20 MP: 3/5
  1369 | D:2      | Reached XP level 3. HP: 25/26 MP: 6/6
  1383 | D:2      | Learned a level 2 spell: Passwall
  1387 | D:2      | Learned a level 3 spell: Stone Arrow
  1712 | D:2      | Reached XP level 4. HP: 32/33 MP: 6/8
  1952 | D:2      | Noticed Robin
  1962 | D:2      | Reached skill level 4 in Earth Magic
  1974 | D:2      | Killed Robin
  2330 | D:2      | Found a snail-covered altar of Cheibriados.
  2669 | D:3      | Found a bloodstained altar of Trog.
  2699 | D:3      | You fall into a shaft and drop 2 floors!
  2699 | D:5      | Entered Level 5 of the Dungeon
  2795 | D:4      | Reached XP level 5. HP: 36/38 MP: 5/10
  2975 | D:4      | Noticed an ice beast
  2988 | D:4      | Killed an ice beast
  2989 | D:4      | Reached skill level 5 in Earth Magic
  2989 | D:4      | Reached XP level 6. HP: 41/45 MP: 3/12
  2999 | D:4      | Noticed Menkaure
  3038 | D:4      | Noticed Edmund
  3053 | D:4      | Slain by Menkaure

Illustrated notes

Levels and vault maps discovered:
D:1:      beargit_arrival_greenhouse, layout_basic
D:2:      layout_loops_corners, basic_altar, nicolae_grassy_gnolls, uniq_robin
D:3:      layout_loops_corners, lemuel_crystal_altar,
          nicolae_overflow_hidden_temple, basic_ecumenical_altar,
          serial_bayou_ford_a, kennysheep_generic_room_8
D:4:      layout_loops_ring, nicolae_ossuary_entry_catacombs, uniq_menkaure,
          uniq_edmund
D:5:      layout_rooms, temple_statues, chequers_serial_rivers_room_b,
          minivault_26

Skill      XL: |  1  2  3  4  5 |
---------------+----------------+-----
Stealth        | 2 |  2.0
Spellcasting   | 3 4 |  4.2
Earth Magic    | 4 5 |  5.1
Dodging        | |  1.9
Transmutations | |  1.2

Action                   |  1- 3 |  4- 6 || total
-------------------------+-------+-------++-------
Melee: Unarmed           |    30 |       ||    30
       Tailslap          |     9 |     6 ||    15
       Short sword       |    40 |    66 ||   106
 Cast: Sandblast         |    29 |    46 ||    75
 Stab: Sleeping          |       |     2 ||     2
Armor: Skin              |    19 |    26 ||    45
Dodge: Dodged            |    55 |    76 ||   131
       Repelled          |     2 |     1 ||     3

Table legend: (Time is in decaauts)
 A = Elapsed time spent in this place.
 B = Non-inter-level travel time spent in this place.
 C = Inter-level travel time spent in this place.
 D = Time resting spent in this place.
 E = Time spent auto-exploring this place.
 F = Levels seen in this place.
 G = Mean time per level.
                   A        B        C        D        E       F      G
               +--------+--------+--------+--------+--------+-----+--------+
         Total |   3062 |   3057 |      5 |     12 |   2307 |   5 |  612.4 |
       Dungeon |   3062 |   3057 |      5 |     12 |   2307 |   5 |  612.4 |
               +--------+--------+--------+--------+--------+-----+--------+

Top non-repeatable levels by time:
     D:1: 1351 daAuts
     D:2: 1276 daAuts
     D:4: 338 daAuts
     D:3: 76 daAuts
     D:5: 19 daAuts
